 Dungeon Crawl Stone Soup version 0.17.2-1-ge4368a0 (webtiles) character file.

46 Goblin1989 the Skirmisher (level 3, -2/33 HPs)
             Began as a Demonspawn Wanderer on Nov 2, 2016.
             Slain by a gnoll (4 damage)
             ... on level 2 of the Dungeon.
             The game lasted 00:03:43 (1130 turns).

Goblin1989 the Skirmisher (Demonspawn Wanderer)     Turns: 1130, Time: 00:03:43

Health: -2/33      AC:  5    Str: 14    XL:     3   Next: 46%
Magic:  3/3        EV: 10    Int: 18    God:
Gold:   88         SH:  0    Dex: 11    Spells: 0 memorised, 2 levels left

rFire  + . .     SeeInvis +     b - -1 mace (curse)
rCold  + + .     Clarity  .     c - +0 ring mail
rNeg   + . .     SustAt   .     (no shield)
rPois  +         Gourm    .     (helmet restricted)
rElec  +         Spirit   .     (no cloak)
rCorr  +         Warding  +     (no gloves)
rMut   .         Stasis   .     (no boots)
MR     .....                    m - amulet of warding
Stlth  +.........               s - ring of see invisible
                                o - ring of poison resistance

@: brilliant, resistant, very slightly contaminated, invisible, not resistant to
hostile enchantments, very unstealthy
A: horns 1, cold resistance 1
a: no special abilities


You were on level 2 of the Dungeon.
You were hungry.

You visited 1 branch of the dungeon, and saw 2 of its levels.

You collected 88 gold pieces.

Inventory:

Hand Weapons
 a - a +2 shortbow
 b - a cursed -1 mace (weapon)
Armour
 c - a +0 ring mail (worn)
Jewellery
 m - an amulet of warding (around neck)
 o - a ring of poison resistance (left hand)
 s - a ring of see invisible (right hand)
Scrolls
 d - 2 scrolls of remove curse {unknown}
 e - a scroll of recharging {unknown}
 g - 3 scrolls of enchant weapon {unknown}
 i - 2 scrolls of fear {unknown}
 p - a scroll of enchant armour {unknown}
 T - 3 scrolls of teleportation {!r, @r4}
Comestibles
 f - a bread ration {@e1}
 k - a beef jerky


   Skills:
 - Level 5.5 Fighting
 + Level 2.0 Maces & Flails
 - Level 1.5 Bows
 - Level 1.0 Armour
 - Level 1.7 Stealth


You had 2 spell levels left.
You didn't know any spells.

Dungeon Overview and Level Annotations

Branches:
Dungeon (2/15)

Altars:
Nemelex Xobeh

Annotations:
D:2 Natasha


Innate Abilities, Weirdness & Mutations

You have a pair of small horns on your head.
Your flesh is cold resistant.


Message History

You feel protected. The gnoll hits you.
* * * LOW HITPOINT WARNING * * *
You take 6 damage, and have 1/33 hp.
Drink which item? (? for menu, Esc to quit)
It was a potion of cure mutation.
It has a very clean taste.
The gnoll barely misses you.
Drink which item? (? for menu, Esc to quit)
It was a potion of invisibility.
You fade into invisibility!
The gnoll barely misses you.
You are very lightly contaminated with residual magic.
You catch the helpless gnoll completely off-guard!
You sock the gnoll!
The gnoll is severely wounded.
You catch the helpless gnoll completely off-guard!
You hit the gnoll. You headbutt the gnoll.
The gnoll is moderately wounded.
The gnoll hits you.
You die... █.█ █.█ █.█ ██.█████.███████.█ █.█ █....(....g....█.█ █.█ .....(███.█████g(█.████.█ ██... █.█ ██.███.█...████ ██. █.█ █g██

██.......██ .. █.█
██.███.█.█...... ..
█.██████...█.......██
.
█...@gg....█..████.██
█████████.██..█ █...
████... █.██ █.Ψ.Ψ
█.█ █>.⌂..█.█
.Ψ.Ψ...█ █.█ ... █..


You could see 2 gnolls.

Vanquished Creatures
  A gnoll (D:2)
  An ooze (D:1)
  2 giant cockroaches (D:1)
  6 hobgoblins (D:1)
  2 jackals (D:1)
  9 bats
  2 giant geckos
  A giant newt (D:1)
  3 goblins (D:1)
  5 kobolds
  2 rats
34 creatures vanquished.

Notes
Turn   | Place    | Note
--------------------------------------------------------------
     0 | D:1      | Goblin1989 the Demonspawn Wanderer began the quest for the Orb.
     0 | D:1      | Goblin1989 set off with: a +2 shortbow, 24 arrows, a +0 ring mail, a +0 dagger, a bread ration {@e1}, a scroll of teleportation {!r, @r4}
     0 | D:1      | Reached XP level 1. HP: 21/21 MP: 1/1
   123 | D:1      | Gained mutation: Your flesh is cold resistant. [demonic ancestry]
   123 | D:1      | Reached XP level 2. HP: 21/27 MP: 2/2
   478 | D:1      | Gained mutation: You have a pair of small horns on your head. [demonic ancestry]
   478 | D:1      | Reached XP level 3. HP: 33/33 MP: 3/3
   934 | D:2      | Noticed Natasha
  1063 | D:2      | Found a sparkling altar of Nemelex Xobeh.
  1121 | D:2      | HP: 1/33 [gnoll (6)]
  1130 | D:2      | Slain by a gnoll

Action                   || total
-------------------------++-------
Melee: Mace              ||     7
 Fire: Shortbow          ||    96
  Use: Potion            ||     4
 Stab: Invisible         ||     2

Vault maps used:
D:1:      minmay_arrival_stone_box, minmay_misc_feat_pillars,
          wad_floor_pattern_untrapped
D:2:      old_standard_altar, nemelex_xobeh_ov_fountains_minmay, uniq_natasha
